 Dungeon Crawl Stone Soup version 0.28.0-53-g5a82cb258f (webtiles) character file.

Game seed: 16278268898302074587

613 mcbry74 the Firebug (level 7, 0/50 HPs)
             Began as a Hill Orc Fire Elementalist on June 30, 2022.
             Was an Initiate of Vehumet.
             Slain by a phantom (1 damage)
             ... on level 5 of the Dungeon.
             The game lasted 00:15:49 (4714 turns).

mcbry74 the Firebug (Hill Orc Fire Elementalist)    Turns: 4714, Time: 00:15:51

Health: 0/50       AC:  2    Str: 11    XL:     7   Next: 44%
Magic:  7/9        EV: 12    Int: 23    God:    Vehumet [......]
Gold:   180        SH:  0    Dex: 11    Spells: 8/9 levels left

rFire   . . .      SeeInvis .   e - +0 dagger
rCold   . . .      Faith    .   (no shield)
rNeg    . . .      Spirit   .   a - +0 robe
rPois   .          Reflect  .   (no helmet)
rElec   .          Harm     .   (no cloak)
rCorr   .          Rampage  .   (no gloves)
Will    +....                   (no boots)
Stlth   ++........              p - amulet of magic regeneration
HPRegen 0.16/turn               d - +6 ring of intelligence
MPRegen 0.51/turn               c - ring of willpower

@: no status effects
A: no striking features
a: Renounce Religion


You were on level 5 of the Dungeon.
You worshipped Vehumet.
Vehumet was noncommittal.
You visited 1 branch of the dungeon, and saw 5 of its levels.

You collected 208 gold pieces.
You spent 28 gold pieces at shops.

Inventory:

Hand Weapons
 b - a +0 long sword
 e - a +0 dagger (weapon)
 n - a +0 war axe
Missiles
 f - 4 boomerangs
 j - 64 stones
 t - 2 poisoned darts
Armour
 a - a +0 robe (worn)
 u - a +2 kite shield
Jewellery
 c - a ring of willpower (right hand)
 d - a +6 ring of intelligence (left hand)
 p - an amulet of magic regeneration (around neck)
Wands
 r - a wand of iceblast (5)
Scrolls
 h - a scroll of magic mapping
 i - 3 scrolls of blinking
 k - a scroll of vulnerability
 m - 4 scrolls of teleportation
 o - 2 scrolls of identify
Potions
 g - 2 potions of might
 l - a potion of flight
 q - a potion of haste
 s - a potion of brilliance {unknown}


   Skills:
 - Level 1.5 Dodging
 - Level 3.0 Stealth
 - Level 1.5 Spellcasting
 + Level 5.1 Conjurations
 + Level 6.5 Fire Magic


You had 8 spell levels left.
You knew the following spells:

 Your Spells              Type           Power      Damage    Failure   Level
a - Foxfire               Conj/Fire      100%       2x1d9     1%          1

Your spell library contained the following spells:

 Spells                   Type           Power      Damage    Failure   Level
 Scorch                   Fire           62%        2d8       1%          2
 Conjure Flame            Conj/Fire      28%        6-21      3%          3
 Inner Flame              Hex/Fire       16%        N/A       11%         3
 Flame Wave               Conj/Fire      28%        2d8       12%         4
 Sting                    Tmut/Pois      4%         1d3       14%         1
 Poisonous Vapours        Pois/Air       2%         N/A       21%         2
 Call Canine Familiar     Summ           1%         N/A       38%         3
 Portal Projectile        Hex/Tloc       2%         N/A       38%         3
 Leda's Liquefaction      Hex/Erth       0%         N/A       80%         4
 Olgreb's Toxic Radiance  Pois           1%         N/A       80%         4


Dungeon Overview and Level Annotations

Branches:
Dungeon (5/15)
 Temple: D:4-7

Altars:
Cheibriados
Nemelex Xobeh
Vehumet
Yredelemnul

Shops:
D:3 [[?

Annotations:
D:3 2 transporters, PrinceOfCinders's ghost, amateur HOCA


Message History

Casting: Foxfire (safe; 1% risk of failure)
Confirm with . or Enter, or press ? or * to list all spells.
You conjure some foxfire!
The foxfire hits the phantom.
The phantom is heavily damaged.
The foxfire hits the phantom.
The phantom is heavily damaged.
The phantom hits you.
* * * LOW HITPOINT WARNING * * *
The foxfire hits the sky beast.
The sky beast is almost dead.
Casting: Foxfire (safe; 1% risk of failure)
Confirm with . or Enter, or press ? or * to list all spells.
You conjure some foxfire!
The foxfire hits the phantom.
The phantom is heavily damaged.
The phantom hits you.
* * * LOW HITPOINT WARNING * * *
The phantom blinks!
You blink.
Casting: Foxfire (safe; 1% risk of failure)
Confirm with . or Enter, or press ? or * to list all spells.
You conjure some foxfire!
The phantom barely misses you.
The foxfire hits the phantom.
The phantom is severely damaged.
The foxfire hits the phantom.
The phantom is almost destroyed.
Casting: Foxfire (safe; 1% risk of failure)
Confirm with . or Enter, or press ? or * to list all spells.
You conjure some foxfire!
The phantom hits you!
* * * LOW HITPOINT WARNING * * *
The foxfire hits the phantom but does no damage.
The phantom is almost destroyed.
The foxfire hits the phantom but does no damage.
The phantom is almost destroyed.
You closely miss the phantom.
The phantom is almost destroyed.
The phantom hits you.
* * * LOW HITPOINT WARNING * * *
Casting: Foxfire (safe; 1% risk of failure)
Confirm with . or Enter, or press ? or * to list all spells.
You conjure some foxfire!
The phantom hits you.
You die...

.<......####.....
...................
......♣.P...........
......P♣...........
..........!.......
...............#
............)..#
...........v...#
.........W@v...#
........#####.##
......#.### #.#
..... #....##.# ####
####>§#Y######
#.........
.......§.......
##############.


You could see a phantom (ally target).

Vanquished Creatures
  2 ogres (D:5)
  A bullfrog (D:5)
  A water moccasin skeleton (D:4)
  A howler monkey (D:5)
  2 jellies
  An orc priest (D:3)
  A hound (D:4)
  An iguana (D:5)
  A gnoll (D:1)
  7 adders
  A worm (D:2)
  2 dart slugs
  5 orcs (D:3)
  4 bats
  4 endoplasms
  5 giant cockroaches
  8 goblins
  5 hobgoblins
  2 jackals (D:2)
  2 quokkas
  4 ball pythons
  4 frilled lizards
  7 kobolds
  7 rats
78 creatures vanquished.

Vanquished Creatures (others)
  197 foxfires
197 creatures vanquished.

Grand Total: 275 creatures vanquished

Notes
Turn   | Place    | Note
-------+----------+-------------------------------------------
     0 | D:1      | mcbry74 the Hill Orc Fire Elementalist began the quest for
                  | the Orb.
     0 | D:1      | Reached XP level 1. HP: 14/14 MP: 3/3
   255 | D:1      | Reached XP level 2. HP: 20/20 MP: 0/4
   307 | D:1      | Found a faded altar of an unknown god.
   687 | D:1      | Reached XP level 3. HP: 26/26 MP: 5/5
  1590 | D:2      | Reached skill level 4 in Fire Magic
  1590 | D:2      | Reached XP level 4. HP: 27/33 MP: 4/6
  2450 | D:3      | Found Teawuntu's Antique Armour Shop.
  2551 | D:3      | Noticed a scorpion
  2554 | D:3      | Noticed PrinceOfCinders's ghost (amateur HOCA)
  2556 | D:3      | Found a transporter.
  2793 | D:3      | Found Nerroa's Magic Scroll Emporium.
  2845 | D:3      | Bought a scroll of identify for 28 gold pieces
  2882 | D:3      | Found a snail-covered altar of Cheibriados.
  2883 | D:3      | Found a sparkling altar of Nemelex Xobeh.
  2883 | D:3      | Found a radiant altar of Vehumet.
  2884 | D:3      | Found a basalt altar of Yredelemnul.
  2898 | D:3      | Became a worshipper of Vehumet
  3038 | D:3      | Found Zul Azxu's Antique Armour Shop.
  3447 | D:3      | Reached XP level 5. HP: 38/38 MP: 7/7
  3471 | D:3      | Found a transporter.
  4480 | D:4      | Reached skill level 5 in Fire Magic
  4480 | D:4      | Reached XP level 6. HP: 45/45 MP: 6/8
  4635 | D:5      | Entered Level 5 of the Dungeon
  4683 | D:5      | Reached skill level 6 in Fire Magic
  4683 | D:5      | Reached XP level 7. HP: 49/50 MP: 9/9
  4692 | D:5      | Reached skill level 5 in Conjurations
  4710 | D:5      | HP: 1/50 [phantom (8)]
  4714 | D:5      | Slain by a phantom

Illustrated notes

Levels and vault maps discovered:
D:1:      amcnicky_arrival_gap_in_the_tavern_cellar, layout_basic,
          dreamdust_ecumenical_altar_statues
D:2:      minmay_evil_eye, layout_basic, hangedman_decor_growths,
          kennysheep_generic_room_3
D:3:      layout_loops_ring, chequers_temple_overflow_statue_of_worship,
          gammafunk_ghost_arena, serial_rivers, chequers_serial_rivers_micro_c,
          chequers_serial_rivers_micro_a, chequers_serial_rivers_micro_d,
          chequers_serial_rivers_room_a, chequers_serial_rivers_small_a,
          chequers_serial_rivers_micro_c, serial_shops, shop, shop,
          nicolae_shop_crystal, minivault_5, chequers_serial_rivers_room_a,
          chequers_serial_rivers_marsh, minmay_misc_feat_five
D:4:      layout_cave_pods
D:5:      layout_rooms, serial_park_tiny_2, kennysheep_minor_cross,
          kennysheep_decorative_pillar

Skill      XL: |  1  2  3  4  5  6  7 |
---------------+----------------------+-----
Stealth        | 2 3 |  3.0
Conjurations   | 2 3 4 5 |  5.1
Fire Magic     | 4 5 6 |  6.5
Dodging        | |  1.5
Spellcasting   | |  1.5

Action                   |  1- 3 |  4- 6 |  7- 9 || total
-------------------------+-------+-------+-------++-------
Melee: Dagger            |    46 |    71 |     7 ||   124
       Long sword        |     1 |       |       ||     1
       Punch             |       |     2 |       ||     2
 Cast: Foxfire           |    27 |    65 |    17 ||   109
  Use: Scroll            |       |     6 |       ||     6
 Stab: Sleeping          |     3 |     2 |       ||     5
Armor: Robe              |     7 |     9 |       ||    16
Dodge: Dodged            |    32 |    49 |     5 ||    86
